 Dungeon Crawl Stone Soup version 0.30-a0-728-gc68057be0a (webtiles) character file.

Game seed: 14270308182356622140

51 Laraso the Magician (level 3, -2/16 HPs)
             Began as a Vine Stalker Earth Elementalist on Jan 30, 2023.
             Slain by a quokka (5 damage)
             ... on level 2 of the Dungeon.
             The game lasted 00:02:05 (1591 turns).

Laraso the Magician (VSEE)                          Turns: 1591, Time: 00:02:06

Health: -2/16      AC:  2    Str: 10    XL:     3   Next: 81%
Magic:  0/9        EV: 12    Int: 17    God:
Gold:   51         SH:  0    Dex: 14    Spells: 9/10 levels left

rFire   . . .      SeeInvis .    c - +0 dagger
rCold   . . .      Faith    .    (no shield)
rNeg    . . .      Spirit   +    a - +0 robe
rPois   .          Reflect  .    (no helmet)
rElec   .          Harm     .    (no cloak)
rCorr   .          Rampage  .    (no gloves)
Will    .....                    (no boots)
Stlth   ++                       (no amulet)
HPRegen 0.22/turn                (no ring)
MPRegen 0.11/turn                (no ring)

@: no status effects
A: fangs 2, magic shield, antimagic bite, no potion heal 2
a: no special abilities


You were on level 2 of the Dungeon.
You visited 1 branch of the dungeon, and saw 2 of its levels.

You collected 51 gold pieces.

Inventory:

Hand Weapons
 c - a +0 dagger (weapon)
Armour
 a - a +0 robe (worn)
Jewellery
 d - a ring of protection from fire
Wands
 k - a wand of mindburst (16)
Scrolls
 g - a scroll of blinking {unknown}
 h - a scroll of brand weapon {unknown}
 i - a scroll of teleportation {unknown}
 m - a scroll of magic mapping {unknown}
 n - 3 scrolls of identify {unknown}
Potions
 b - a potion of magic
 e - a potion of mutation {unknown}
 f - 2 potions of haste {unknown}
 j - a potion of resistance {unknown}
 l - a potion of degeneration {unknown}


   Skills:
 * Level 0.1 Fighting
 * Level 0.2 Short Blades
 * Level 0.1 Armour
 * Level 1.6 Dodging
 - Level 2.4 Stealth
 - Level 4.0 Spellcasting
 - Level 1.0 Transmutations
 - Level 3.0 Earth Magic


You had 9 spell levels left.
You knew the following spells:

 Your Spells              Type           Power      Damage    Failure   Level
a - Sandblast             Erth           26%        2d8       4%          1

Your spell library contained the following spells:

 Spells                   Type           Power      Damage    Failure   Level
 Passwall                 Tmut/Erth      8%         N/A       11%         2
 Stone Arrow              Conj/Erth      16%        3d8       26%         3
 Petrify                  Tmut/Erth      10%        N/A       56%         4


Dungeon Overview and Level Annotations

Branches:
Dungeon (2/15)

Altars:


Innate Abilities, Weirdness & Mutations

You have extremely sharp teeth.
When hurt, damage is shared between your health and your magic reserves.
Your bite disrupts and absorbs the magic of your enemies.
Potions cannot restore your health.


Message History

You can't see any susceptible monsters within range! (Use Z to cast anyway.)
Found a stone staircase leading up.
Found an escape hatch in the floor.
You see here a +0 chain mail.
Found a stone staircase leading down.
k - a wand of mindburst (16) No target in view!
l - a lumpy white potion You open the door.
There is an open door here.
Found an escape hatch in the ceiling.
Found a club.
No target in view!
m - a scroll labelled JIGITU VEIRON You see here a +0 club.
You open the door.
There is an open door here.
n - 3 scrolls labelled ENOMEA FUMU You open the door.
There is an open door here.
A quokka comes into view.
A quokka is nearby!
A worm and a ball python come into view.
The blast of sand misses the worm.
The ball python hisses angrily.
The blast of sand hits the worm!
The worm is moderately wounded.
The blast of sand hits the worm.
The worm is severely wounded.
The ball python barely misses you. The ball python grabs you.
The ball python constricts you. The worm bites you.
The ball python closely misses you. The ball python constricts you.
The blast of sand hits the ball python!
You kill the ball python!
The quokka bites you. The worm bites you!
* * * LOW HITPOINT WARNING * * *
You are too injured to fight recklessly!
You are too injured to fight recklessly!
The quokka bites you.
You die...

#....'....#.#..............
#....##.#.#.....#.#..#...#.
#....##.#.#.#......<.....#.
#######.#.#.#..##.#..###..
#.#.#.#..#..#...#..#.
#.#.#.#.. ....#.#..#.
#.#...# #......#. #.#.###.#
......#.
#.....@.#..##.###.#..#.
###.#.r..........<...#.
#.....w...#..######......
#####...#....... +......
..#.......######.....#
...+...................
#... #..####.#####.......
#.# #..# +# #.###... #.
#..# #.# #...


You could see a worm and a quokka.

Vanquished Creatures
  3 ball pythons
  2 endoplasms
  2 giant cockroaches
  A goblin (D:1)
  4 hobgoblins (D:1)
  3 jackals (D:1)
  A quokka (D:1)
  10 bats
  4 frilled lizards
  6 kobolds (D:1)
  13 rats
49 creatures vanquished.

Notes
Turn   | Place    | Note
-------+----------+-------------------------------------------
     0 | D:1      | Laraso the Vine Stalker Earth Elementalist began the quest
                  | for the Orb.
     0 | D:1      | Reached XP level 1. HP: 9/9 MP: 4/4
   216 | D:1      | Reached XP level 2. HP: 13/13 MP: 3/6
   218 | D:1      | Reached skill level 3 in Spellcasting
   726 | D:1      | Reached XP level 3. HP: 16/16 MP: 7/9
  1278 | D:2      | Reached skill level 4 in Spellcasting
  1591 | D:2      | Slain by a quokka

Illustrated notes

Levels and vault maps discovered:
D:1:      amcnicky_arrival_underground_garden, layout_basic,
          minmay_split_cup_large
D:2:      layout_basic, basic_altar

Skill      XL: |  1  2  3 |
---------------+----------+-----
Spellcasting   | 3 4 |  4.0
Fighting       | |  0.1
Short Blades   | |  0.2
Armour         | |  0.1
Dodging        | |  1.6
Stealth        | |  2.4
Transmutations | |  1.0
Earth Magic    | |  3.0

Action                     || total
---------------------------++-------
  Melee: Unarmed           ||     1
   Cast: Sandblast         ||    62
 Armour: Robe              ||     2
  Dodge: Dodged            ||    17

Table legend: (Time is in decaauts)
 A = Elapsed time spent in this place.
 B = Non-inter-level travel time spent in this place.
 C = Inter-level travel time spent in this place.
 D = Time resting spent in this place.
 E = Time spent auto-exploring this place.
 F = Levels seen in this place.
 G = Mean time per level.
                   A        B        C        D        E       F      G
               +--------+--------+--------+--------+--------+-----+--------+
         Total |   1621 |   1586 |     35 |     60 |   1290 |   2 |  810.5 |
       Dungeon |   1621 |   1586 |     35 |     60 |   1290 |   2 |  810.5 |
               +--------+--------+--------+--------+--------+-----+--------+

Top non-repeatable levels by time:
     D:1: 1296 daAuts
     D:2: 324 daAuts
